 Dungeon Crawl Stone Soup version 0.18-a0-425-ge088ad1 (webtiles) character file.

11 Korkiloff the Magician (level 2, 0/19 HPs)
             Began as a Vampire Wizard on Nov 30, 2015.
             Slain by a giant gecko (2 damage)
             ... on level 1 of the Dungeon.
             The game lasted 00:04:26 (488 turns).

Korkiloff the Magician (Vampire Wizard)              Turns: 488, Time: 00:04:26

Health: 0/19       AC:  2    Str:  6    XL:     2   Next: 17%
Magic:  4/6        EV: 12    Int: 20    God:
Gold:   7          SH:  0    Dex: 12    Spells: 3 memorised, 2 levels left

rFire  . . .     SeeInvis +     e - +0 dagger
rCold  . . .     Clarity  .     a - +0 robe
rNeg   + . .     SustAt   .     (no shield)
rPois  .         Gourm    .     b - +0 hat
rElec  .         Spirit   .     (no cloak)
rCorr  .         Dsmss    .     (no gloves)
rMut   .         Stasis   .     (no boots)
MR     .....                    (no amulet)
Stlth  +++.......               (no ring)
                                f - ring of stealth

@: very slightly contaminated, not resistant to hostile enchantments, fairly
stealthy
A: fangs 3, see invisible, unbreathing
a: no special abilities


You were on level 1 of the Dungeon.
You were not thirsty.

You visited 1 branch of the dungeon, and saw 1 of its levels.

You collected 7 gold pieces.

Inventory:

Hand Weapons
 e - a +0 dagger (weapon)
Armour
 a - a +0 robe (worn)
 b - a +0 hat (worn)
Jewellery
 f - a ring of stealth (left hand)
Scrolls
 g - a scroll of identify {unknown}
 h - 3 scrolls of amnesia {unknown}
Potions
 d - a potion of blood
Books
 c - a book of Minor Magic

   Spells                             Type                      Level
   a - Magic Dart                     Conjuration                  1
   b - Blink                          Translocation                2
   c - Call Imp                       Summoning                    2
   d - Repel Missiles                 Charms/Air                   2
   e - Slow                           Hexes                        2
   f - Conjure Flame                  Conjuration/Fire             3
   g - Mephitic Cloud                 Conjuration/Poison/Air       3


   Skills:
 + Level 2.3 Dodging
 + Level 3.1 Stealth
 + Level 3.4 Spellcasting
 + Level 0.6 Conjurations
 + Level 1.0 Summonings
 + Level 0.7 Translocations


You had 2 spell levels left.
You knew the following spells:

 Your Spells              Type           Power        Failure   Level  Hunger
a - Magic Dart            Conj           #...         14%         1    None
b - Blink                 Tloc           N/A          17%         2    ##.....
c - Call Imp              Summ           #.......     17%         2    ##.....


Dungeon Overview and Level Annotations

Branches:
Dungeon (1/15)

Altars:


Innate Abilities, Weirdness & Mutations

You have razor-sharp teeth.
You have supernaturally acute eyesight.
You can survive without breathing.


Message History

Aim: a giant gecko (moderately wounded, clinging)
Okay, then.
A giant cockroach comes into view.
The giant gecko closely misses you. The giant gecko barely misses you.
You miss the giant gecko.
The giant gecko is moderately wounded.
The giant gecko bites you.
You closely miss the giant gecko.
The giant gecko is moderately wounded.
The giant gecko bites you.
* * * LOW HITPOINT WARNING * * *
Found a stone staircase leading down.
The giant gecko closely misses you. The giant gecko bites you.
* * * LOW HITPOINT WARNING * * *
A rat comes into view.
You see here a bread ration.
Found 2 tomahawks.
The giant gecko bites you.
You die...

### ..# ### #.# ## ## ######## ..
#.# . . #....... #. #.####.#
#.#.######
######.######....#r#####.#.######
............%..K.................
........##.###.#l#.#####.#.###...
......?......#.#@# #####.#.###.##
......#.##..##.#.# ........#.....
............##.#.#.........#+#.#.
.........#..##.#.#.......#.....#.
.........#>s....(. ....##.##...##
.........######### ##..#.⌠ #.....
.........# #.. ##..##.##..##.
.........# #.# ......#....##.
.........###.# .###.......##.


You could see a giant gecko, a kobold and a rat (sleeping).

Vanquished Creatures
  An ooze (D:1)
  A bat (D:1)
  A goblin (D:1)
  2 hobgoblins (D:1)
  2 giant cockroaches (D:1)
  A rat (D:1)
8 creatures vanquished.

Notes
Turn   | Place    | Note
--------------------------------------------------------------
     0 | D:1      | Korkiloff the Vampire Wizard began the quest for the Orb.
     0 | D:1      | Reached XP level 1. HP: 13/13 MP: 4/4
   411 | D:1      | Reached XP level 2. HP: 5/19 MP: 1/6
   415 | D:1      | Learned a level 2 spell: Blink
   418 | D:1      | Learned a level 2 spell: Call Imp
   488 | D:1      | Slain by a giant gecko

Vault maps used:
D:1:      grunt_arrival_lava_bath, minmay_misc_feat_secret_circle,
          grunt_decor_one_mirror

Action                   || total
-------------------------++-------
Melee: Dagger            ||    16
 Cast: Magic Dart        ||    21
 Stab: Sleeping          ||     1
  Eat: Corpse            ||     1
